 Dungeon Crawl Stone Soup version 0.16.1-16-gc44b35d (webtiles) character file.

1332 Chiseanne the Sneak (level 8, -3/44 HPs)
             Began as a Tengu Assassin on Apr 28, 2015.
             Was an Elder of Nemelex Xobeh.
             Slain by a vampire mosquito (7 damage)
             ... summoned by the player character
             ... on level 6 of the Dungeon.
             The game lasted 00:24:01 (6338 turns).

Chiseanne the Sneak (Tengu Assassin)                Turns: 6338, Time: 00:24:01

Health: -3/44      AC:  8    Str: 12    XL:     8   Next: 61%
Magic:  14/15      EV: 12    Int: 13    God:    Nemelex Xobeh [****..]
Gold:   266        SH:  8    Dex: 16    Spells: 0 memorised, 7 levels left

rFire  + . .     SeeInvis .     a - +1 mace (drain)
rCold  . . .     Clarity  .     F - +3 leather armour {rF+}
rNeg   . . .     SustAb   .     B - +0 shield
rPois  .         Gourm    .     (helmet restricted)
rElec  .         Spirit   .     d - +0 cloak
rCorr  .         Warding  .     n - +0 pair of gloves
rMut   .         Stasis   .     (boots unavailable)
MR     .....                    A - amulet of faith
Stlth  +++++.....               (no ring)
                                (no ring)

@: especially stealthy, drained, not resistant to hostile enchantments, quite
stealthy
A: able to fly, beak, talons 3
a: Fly, Triple Draw, Deal Four, Renounce Religion


You were on level 6 of the Dungeon.
You worshipped Nemelex Xobeh.
Nemelex Xobeh was greatly pleased with you.
You were hungry.

You visited 1 branch of the dungeon, and saw 6 of its levels.

You collected 266 gold pieces.

Inventory:

Hand weapons
 a - a +1 mace of draining (weapon)
 s - a +0 falchion
 w - a +1 blowgun
Missiles
 b - 12 tomahawks (quivered)
 e - 51 poisoned needles
 f - 2 curare-tipped needles
 p - 14 sling bullets
 v - 7 javelins
 y - 29 arrows
 C - 66 bolts
Armour
 d - a +0 cloak (worn)
 n - a +0 pair of gloves (worn)
 B - a +0 shield (worn)
 F - a +3 leather armour of fire resistance (worn)
 N - a +1 leather armour of positive energy
Jewellery
 o - an uncursed amulet of resist corrosion {unknown}
 A - an amulet of faith (around neck)
Scrolls
 c - 6 scrolls of teleportation
 h - a scroll of amnesia
 q - a scroll of remove curse
 x - 2 scrolls of magic mapping
 E - a scroll of enchant weapon
 L - a scroll of enchant armour
 O - a scroll of blinking
Potions
 i - a potion of agility {unknown}
 j - 2 potions of resistance
 k - 3 potions of curing
 m - 3 potions of lignification {unknown}
 r - a potion of cure mutation {unknown}
 u - a potion of heal wounds {unknown}
 z - a potion of haste {unknown}
 D - 3 potions of cancellation
 I - 2 potions of degeneration {unknown}
Miscellaneous
 J - a plain deck of war {drawn: 4} {god gift}
 K - a legendary deck of war {god gift}
 M - a plain deck of destruction {drawn: 2} {god gift}
Comestibles
 g - 3 bread rations
 l - 3 meat rations
 t - 2 fruits
 P - a beef jerky


   Skills:
 - Level 2.0(1.4) Fighting
   Level 2.7(2.2) Short Blades
 - Level 2.1(1.6) Throwing
 * Level 4.2(3.6) Armour
 - Level 6.0(5.4) Dodging
 * Level 7.5(6.9) Stealth
 * Level 3.1(2.5) Shields
 * Level 3.0(2.5) Evocations


You had 7 spell levels left.
You didn't know any spells.

Dungeon Overview and Level Annotations

Branches:
Dungeon (6/15)             Temple (0/1) D:6

Altars:
Makhleb
Nemelex Xobeh
Trog


Innate Abilities, Weirdness & Mutations

You can fly.
You have a beak for a mouth.
You have claws for feet.


Message History

Aim: a vampire mosquito (summoned)
The stone arrow hits the vampire mosquito.
The vampire mosquito is moderately damaged.
Your vampire mosquito bites the wight.
The wight is destroyed!
Your base Evocations skill increases to level 3!
The vampire mosquito bites you.
* * * LOW HITPOINT WARNING * * *
The vampire mosquito draws strength from your injuries!
Evoke which item? (* to show all) (? for menu, Esc to quit)
You draw a card...
It is Vitriol.
You have drawn Vitriol.
Press: ? - help, Shift-Dir - straight line, f/p - vampire mosquito
Aim: a vampire mosquito (moderately damaged, summoned)
The acid hits the vampire mosquito.
The vampire mosquito is severely damaged.
You block the vampire mosquito's attack.
The vampire mosquito bites you!
You die...
Your body glows with a rainbow of weird colours and disappears.

#...........#.......#
#...........+.......#
######......#.......#
#..)...#.......#
#......#......(#
#..y...#.......#
#...z.[#.......#
#......#.......#
#....y@#.......#
#.....)#)(.....#
#.....)).......#
#).....#########
########


You could see a vampire mosquito, a wight and a friendly vampire mosquito.

Vanquished Creatures
  An ice beast (D:5)
  2 ogres
  2 phantoms (D:5)
  2 wights (D:6)
  2 hounds
  A crimson imp (D:6)
  2 orc priests
  2 centaur skeletons
  2 jellies
  Natasha (thrice) (D:4)
  2 worker ants
  7 orc wizards
  7 adders
  A giant mite (D:2)
  3 worms
  16 orcs
  9 bats
  A bat skeleton (D:6)
  12 goblins
  11 hobgoblins
  9 kobolds
  3 quokkas
  9 giant cockroaches
  6 giant geckos
  3 giant newts
  5 jackals (D:1)
  8 rats
131 creatures vanquished.

Vanquished Creatures (collateral kills)
  A wight (D:6)
  A goliath beetle (D:6)
  An orc wizard (D:5)
  An iguana (D:5)
  2 orcs
  A quokka (D:5)
7 creatures vanquished.

Grand Total: 138 creatures vanquished

Notes
Turn   | Place    | Note
--------------------------------------------------------------
     0 | D:1      | Chiseanne, the Tengu Assassin, began the quest for the Orb.
     0 | D:1      | Reached XP level 1. HP: 12/12 MP: 1/1
   387 | D:1      | Reached XP level 2. HP: 17/17 MP: 3/3
   820 | D:1      | Reached XP level 3. HP: 18/21 MP: 4/4
  1066 | D:2      | Reached skill level 5 in Stealth
  1232 | D:2      | Found a sparkling altar of Nemelex Xobeh.
  1236 | D:2      | Became a worshipper of Nemelex Xobeh the Trickster
  1416 | D:2      | Received a gift from Nemelex Xobeh
  1555 | D:2      | Reached XP level 4. HP: 26/26 MP: 5/5
  1558 | D:2      | Noticed Robin
  1563 | D:2      | Noticed Robin
  1563 | D:2      | Robin changed into Robin the giant mite
  1565 | D:2      | Killed Robin the giant mite
  2042 | D:3      | Reached XP level 5. HP: 30/30 MP: 7/7
  2671 | D:4      | Noticed Natasha
  2688 | D:4      | Killed Natasha
  2973 | D:4      | Received a gift from Nemelex Xobeh
  3029 | D:4      | Noticed Natasha
  3037 | D:4      | Killed Natasha
  3037 | D:4      | Reached XP level 6. HP: 32/35 MP: 8/8
  3049 | D:4      | Reached skill level 1 in Armour
  3384 | D:4      | Reached skill level 1 in Shields
  3678 | D:4      | Reached skill level 6 in Stealth
  3731 | D:4      | Noticed Natasha
  3737 | D:4      | Killed Natasha
  3856 | D:4      | Noticed an ogre
  3874 | D:4      | Killed an ogre
  3874 | D:4      | Reached XP level 7. HP: 14/40 MP: 9/9
  4141 | D:5      | Entered Level 5 of the Dungeon
  4166 | D:5      | Received a gift from Nemelex Xobeh
  4226 | D:5      | Reached skill level 5 in Dodging
  4578 | D:5      | Reached skill level 1 in Evocations
  4582 | D:5      | Received a gift from Nemelex Xobeh
  4634 | D:5      | Acquired Nemelex Xobeh's first power
  4688 | D:5      | Reached XP level 8. HP: 18/44 MP: 12/12
  5245 | D:5      | Reached skill level 7 in Stealth
  5272 | D:5      | Received a gift from Nemelex Xobeh
  5304 | D:5      | Found a burning altar of Makhleb.
  5330 | D:5      | Found a bloodstained altar of Trog.
  5964 | D:6      | Acquired Nemelex Xobeh's second power
  5966 | D:6      | Found a staircase to the Ecumenical Temple.
  6028 | D:6      | Received a gift from Nemelex Xobeh
  6338 | D:6      | Slain by a vampire mosquito

Action                   |  1- 3 |  4- 6 |  7- 9 || total
-------------------------+-------+-------+-------++-------
Melee: Dagger            |    91 |   150 |    89 ||   330
       Falchion          |       |     4 |       ||     4
       Mace              |       |       |    97 ||    97
 Fire: Blowgun           |     5 |    51 |     8 ||    64
 Abil: Fly               |       |     1 |       ||     1
Evoke: Deck              |       |     1 |    29 ||    30
  Use: Scroll            |     8 |     4 |     3 ||    15
       Potion            |       |     1 |       ||     1
 Stab: Sleeping          |     6 |     4 |     8 ||    18
       Distracted        |       |     2 |     1 ||     3
  Eat: Chunk             |     2 |     7 |     8 ||    17
